 Dungeon Crawl Stone Soup version 0.20-a0-522-g0b37eee (console) character file.

261 Lahna the Cudgeler (level 5, -10/47 HPs)
             Began as a Minotaur Berserker on Jan 26, 2017.
             Was a Believer of Trog.
             Killed by nerve-wracking pain
             ... invoked by Grinder
              (14 damage)
             ... on level 4 of the Dungeon.
             The game lasted 00:09:13 (2172 turns).

Lahna the Cudgeler (Minotaur Berserker)             Turns: 2172, Time: 00:09:14

Health: -10/47     AC: 11    Str: 22    XL:     5   Next: 96%
Magic:  4/4        EV:  9    Int:  2    God:    Trog [**....]
Gold:   129        SH:  0    Dex: 20    Spells: 4/4 levels left

rFire    . . .     SeeInvis .   a - +0 mace
rCold    . . .     Gourm    .   h - +0 plate armour
rNeg     . . .     Faith    .   (no shield)
rPois    .         Spirit   .   (helmet restricted)
rElec    +         Reflect  .   (no cloak)
rCorr    .         Harm     +   (no gloves)
MR       .....                  (no boots)
Stlth    ..........             o - amulet of the Serpent {Harm *Drain rElec Int-2 Dex+10 Slay-3}
Regen    0.2/turn               (no ring)
                                (no ring)

@: exhausted, slowed, very slow
A: retaliatory headbutt, horns 2
a: Berserk, Trog's Hand, Burn Spellbooks, Renounce Religion


You were on level 4 of the Dungeon.
You worshipped Trog.
Trog was pleased with you.
You were hungry.

You visited 1 branch of the dungeon, and saw 4 of its levels.

You collected 129 gold pieces.

Inventory:

Hand Weapons
 a - a +0 mace (weapon)
Armour
 h - a +0 plate armour (worn)
Jewellery
 o - the amulet of the Serpent (around neck) {Harm *Drain rElec Int-2 Dex+10 Slay-3}
   (You found it on level 4 of the Dungeon)

   [amulet of harm]

   It increases damage dealt and taken.
   It affects your intelligence (-2).
   It affects your dexterity (+10).
   It affects your accuracy and damage with ranged weapons and melee attacks
   (-3).
   It insulates you from electricity.
   It causes draining when unequipped.
Scrolls
 i - 2 scrolls of enchant armour {unknown}
 j - a scroll of random uselessness {unknown}
 k - 3 scrolls of teleportation {unknown}
 l - 2 scrolls of remove curse {unknown}
 m - a scroll of identify
 p - 2 scrolls of noise {unknown}
 q - a scroll of recharging {unknown}
Potions
 d - a potion of heal wounds
 e - a potion of curing
 f - a potion of resistance
 n - a potion of ambrosia
 r - a potion of berserk rage
Comestibles
 b - 4 chunks of flesh
 c - 4 bread rations
 g - 3 meat rations


   Skills:
 + Level 4.9 Fighting
 + Level 5.0 Maces & Flails
 + Level 4.0 Armour
 + Level 4.4 Dodging


You had 4 spell levels left.
You didn't know any spells.

Dungeon Overview and Level Annotations

Branches:
Dungeon (4/15)
 Temple: D:4-7

Altars:

Annotations:
D:4 Grinder


Innate Abilities, Weirdness & Mutations

You reflexively headbutt those who attack you in melee.
You have a pair of horns on your head.


Message History

Grinder gestures at you.
You barely resist.
Grinder rolls her eyes.
Grinder gestures at you. Pain shoots through your body!
* * * LOW HITPOINT WARNING * * *
You hit Grinder but do no damage. You headbutt Grinder, but do no damage.
Grinder is almost dead.
Grinder gestures at you.
You shrug off the repeated paralysis!
Grinder barely misses you.
Unknown command.
You hit Grinder but do no damage. Your headbutt misses Grinder.
Grinder is almost dead.
Grinder hits you but does no damage.
Unknown command.
You hit Grinder.
Grinder is almost dead.
Grinder gestures at you. Pain shoots through your body!
You die...

#.##.###...###.##
#.##.##.....###.##
#.##.#.......###.#
.######.##..........###.
....................# #.
######.#####.....#.# #.
#.# ##...##.# #. #5#
##.## .# #. #@# ### #.
###.####### #.
#.........# #.
#.#.#####.# #. #(#.# ##
# #.# #. #.# #. #.. #.
### #.


You could see Grinder.

Vanquished Creatures
  A hungry ghost (D:4)
  Jessica (D:3)
  A worker ant (D:4)
  2 oozes (D:2)
  An adder skeleton (D:4)
  2 worms (D:2)
  3 leopard geckos
  An orc (D:3)
  9 bats
  3 giant cockroaches
  6 goblins
  8 hobgoblins
  4 jackals
  6 kobolds
  2 quokkas (D:3)
  4 ball pythons
  A frilled lizard (D:4)
  9 rats
64 creatures vanquished.

Vanquished Creatures (others)
  An ooze (D:1)
1 creature vanquished.

Grand Total: 65 creatures vanquished

Notes
Turn   | Place    | Note
-------+----------+-------------------------------------------
     0 | D:1      | Lahna the Minotaur Berserker began the quest for the Orb.
     0 | D:1      | Reached XP level 1. HP: 19/19 MP: 0/0
   180 | D:1      | Reached XP level 2. HP: 23/26 MP: 1/1
   512 | D:2      | Reached skill level 4 in Maces & Flails
   529 | D:2      | Reached XP level 3. HP: 33/33 MP: 2/2
   885 | D:2      | Reached ** piety under Trog
  1045 | D:3      | Noticed Jessica
  1063 | D:3      | Killed Jessica
  1063 | D:3      | Reached XP level 4. HP: 40/40 MP: 3/3
  1793 | D:4      | Noticed a hungry ghost
  1814 | D:4      | Killed a hungry ghost
  1814 | D:4      | Reached skill level 5 in Maces & Flails
  1814 | D:4      | Reached XP level 5. HP: 42/47 MP: 4/4
  2083 | D:4      | Got an ancient lead amulet
  2084 | D:4      | Identified the amulet of the Serpent {Harm *Drain rElec Int-2 Dex+10 Slay-3} (You found it on level 4 of the Dungeon)
  2148 | D:4      | Noticed Grinder
  2153 | D:4      | Paralysed by Grinder for 4 turns
  2172 | D:4      | Killed from afar by Grinder

Vault maps used:
D:1:      lemuel_arrival_muddy, minmay_misc_feat_tiny, lemuel_flame_loot_1
D:3:      kennysheep_nondescript, uniq_jessica
D:4:      first_bread, grunt_ministairs_8, uniq_grinder

Skill      XL: |  1  2  3  4  5 |
---------------+----------------+-----
Maces & Flails | 4 5 |  5.0
Dodging        | 3 4 |  4.4
Fighting       | 4 |  4.9
Armour         | 3 4 |  4.0

Action                   |  1- 3 |  4- 6 || total
-------------------------+-------+-------++-------
Melee: Mace              |    94 |    99 ||   193
       Headbutt          |    20 |    20 ||    40
Invok: Berserk           |       |     1 ||     1
  Use: Scroll            |       |     6 ||     6
  Eat: Chunk             |     1 |     3 ||     4
       Bread ration      |       |     1 ||     1
Armor: Animal skin       |     3 |       ||     3
       Plate armour      |    59 |    62 ||   121
Dodge: Dodged            |    45 |    39 ||    84
